 Dungeon Crawl Stone Soup version 0.31-a0-1547-g618ab1f346 (webtiles) character file.

Game seed: 13949944269078640862

55 Flugslaktarn the Covered (level 3, -3/31 HPs)
             Began as an Armataur Fighter on Jan 2, 2024.
             Slain by a gnoll
             ... wielding a +0 whip of venom
              (7 damage)
             ... on level 2 of the Dungeon.
             The game lasted 00:00:39 (855 turns).

Flugslaktarn the Covered (Armataur Fighter)          Turns: 855, Time: 00:00:39

Health: -3/31      AC:  9    Str: 21 (23) XL:     3   Next: 67%
Magic:  3/3        EV:  5    Int:  7 (8)  God:
Gold:   82         SH:  4    Dex:  6 (9)  Spells: 2/2 levels left

rFire   . . .        a - +0 war axe
rCold   . . .        c - +0 buckler
rNeg    . . .        g - +0 chain mail
rPois   .            (no helmet)
rElec   .            h - +0 cloak
rCorr   .            (no gloves)
SInv    .            (no barding)
Will    .....        (no amulet) Stlth
                     (no ring)
HPRegen 0.25/turn    (no ring)
MPRegen 0.41/turn

%: roll
@: lethally poisoned (-3 -> -22)
A: large, deformed body, tough skin 3, armoured tail, roll 1
a: no special abilities


You were on level 2 of the Dungeon.
You visited 1 branch of the dungeon, and saw 2 of its levels.

You collected 82 gold pieces.

Inventory:

Hand Weapons
 a - a +0 war axe (weapon)
Armour
 c - a +0 buckler (worn)
 g - a +0 chain mail (worn)
   (You found it on level 1 of the Dungeon)
 h - a +0 cloak (worn)
   (You found it on level 1 of the Dungeon)
Scrolls
 e - a scroll of amnesia {unknown}
 f - a scroll of fear {unknown}
 j - a scroll of brand weapon {unknown}
 k - a scroll of enchant armour {unknown}
Potions
 b - 2 potions of mutation {unknown}
 d - a potion of might
 i - a potion of degeneration
 l - a potion of heal wounds {unknown}


   Skills:
 * Level 3.4 Fighting
 * Level 2.4 Axes
 + Level 4.1 Armour
 - Level 3.2 Shields


You had 2 spell levels left.
You didn't know any spells.
Your spell library contained the following spells:

 Spells                   Type           Power      Damage    Failure   Level
 Shock                    Conj/Air       0%         1d3       98%         1
 Slow                     Hex            0%         N/A       98%         1
 Scorch                   Fire           0%         2d5       99%         2
 Call Canine Familiar     Summ           0%         N/A       100%        3
 Confusing Touch          Hex            0%         N/A       100%        3
 Sigil of Binding         Hex            0%         N/A       100%        3
 Swiftness                Air            0%         N/A       100%        3
 Vampiric Draining        Necr           0%         2d6       100%        3
 Airstrike                Air            0%         2d(0-16)  100%        4
 Dimensional Bullseye     Hex/Tloc       0%         N/A       100%        4
 Ignite Poison            Fire/Alch      0%         N/A       100%        4
 Fireball                 Conj/Fire      0%         3d3       100%        5
 Lehudib's Crystal Spear  Conj/Erth      0%         10d2      100%        8


Dungeon Overview and Level Annotations

Branches:
Dungeon (2/15)

Altars:


Innate Abilities, Weirdness & Mutations

Armour fits poorly on your strangely shaped body.
You have extremely tough skin. (AC +3)
You have a long armoured tail.
You regenerate magic when rolling toward enemies. (Rampage MPRegen)


Message History

You roll towards the jackal!
You slash the jackal!
You kill the jackal!
No target in view!
No target in view!
No target in view!
No target in view!
You see here a jackal corpse.
Found a flux talisman.
No target in view!
A jackal comes into view.
The jackal barks!
You see here a flux talisman.
A jackal is nearby!
A jackal comes into view.
The jackal barks!
You hit the jackal.
The jackal is almost dead.
The jackal bites you but does no damage. x2
You barely miss the jackal. You tail-slap the jackal.
You kill the jackal!
You barely miss the jackal. The jackal barely misses you. The jackal bites you.
You miss the jackal. The jackal completely misses you.
The jackal barely misses you.
You hit the jackal but do no damage. The jackal bites you.
The jackal barely misses you.
A jackal is nearby!
You hit the jackal.
You kill the jackal!
You see here a jackal corpse.
There is a stone staircase leading down here.
There is a stone staircase leading down here.
You see here a ball python corpse.
There is a stone staircase leading down here.
A frilled lizard comes into view.
The frilled lizard hisses angrily.
You roll towards the frilled lizard!
A frilled lizard is nearby!
You roll towards the frilled lizard!
The frilled lizard bites you but does no damage.
A frilled lizard is nearby!
You hit the frilled lizard.
The frilled lizard is heavily wounded.
The frilled lizard bites you.
You barely miss the frilled lizard.
The frilled lizard is heavily wounded.
The frilled lizard bites you but does no damage. x2
You barely miss the frilled lizard.
The frilled lizard is heavily wounded.
The frilled lizard bites you but does no damage.
You slash the frilled lizard!
You kill the frilled lizard!
You see here a frilled lizard corpse.
A gnoll comes into view. It is wielding a +0 spear.
The gnoll shouts!
You hear a shout!
A gnoll is nearby!
You roll towards the gnoll!
You block the gnoll's attack.
A gnoll is nearby!
You roll towards the gnoll!
You barely miss the gnoll. The gnoll hits you with a +0 spear. x2
A gnoll comes into view.
It is wielding a +0 whip of venom and quivering a throwing net.
The gnoll shouts!
You hit the gnoll.
The gnoll is heavily wounded.
The gnoll throws a throwing net.
You block the throwing net. The gnoll hits you but does no damage.
You slash the gnoll!
The gnoll is almost dead.
The gnoll hits you with a +0 spear. x2
A gnoll comes into view. It is wielding a +0 club.
The gnoll shouts!
You hit the gnoll but do no damage.
The gnoll is almost dead.
You hit the gnoll.
You hear a shout!
The gnoll hits you with a +0 whip of venom.
The gnoll hits you with a +0 spear.
You hit the gnoll but do no damage.
The gnoll is almost dead.
You hit the gnoll. The gnoll hits you but does no damage.
You are poisoned.
The gnoll hits you but does no damage. The gnoll hits you with a +0 spear.
The gnoll hits you with a +0 whip of venom.
You are lethally poisoned!
You barely miss the gnoll. You tail-slap the gnoll.
You kill the gnoll!
You barely miss the gnoll.
You feel very sick. The gnoll hits you but does no damage.
You are more poisoned.
You are too injured to fight recklessly!
You are too injured to fight recklessly!
It was a potion of degeneration.
There was something very wrong with that liquid.
You feel weakened.
You feel dopey.
You feel clumsy.
* * * LOW HITPOINT WARNING * * *
You feel very sick. The gnoll hits you with a +0 club.
* * * LOW HITPOINT WARNING * * *
The gnoll hits you with a +0 whip of venom!
You die...

#......#
#.#
##...###
#.# ##.##
#.# #.# #.#
#.#
##.#####
#'#
#......#
...
#..###.#
... #..###
#@...#
#gg.#.#
.........
##....###.#
#.#... .#
#.##### #
#. #.


You could see 2 gnolls.

Vanquished Creatures
  A gnoll (D:2)
  2 dart slugs (D:1)
  A ribbon worm (D:2)
  3 ball pythons
  3 endoplasms
  A giant cockroach (D:2)
  5 goblins
  2 hobgoblins
  3 jackals (D:2)
  3 quokkas
  A bat (D:1)
  4 frilled lizards
  6 kobolds
  3 rats
38 creatures vanquished.

Notes
Turn   | Place    | Note
-------+----------+-------------------------------------------
     0 | D:1      | Flugslaktarn the Armataur Fighter began the quest for the
                  | Orb.
     0 | D:1      | Reached XP level 1. HP: 18/18 MP: 1/1
   171 | D:1      | Reached XP level 2. HP: 22/25 MP: 2/2
   483 | D:2      | Reached XP level 3. HP: 31/31 MP: 3/3
   528 | D:2      | Reached skill level 4 in Armour
   669 | D:2      | Got the Monograph on the Hot Rocks
   855 | D:2      | Slain by a gnoll

Illustrated notes

Levels and vault maps discovered:
D:1:      eino_arrival_cavern_a, layout_rooms
D:2:      layout_loops_corners

Skill      XL: |  1  2  3 |
---------------+----------+-----
Fighting       | 3 |  3.4
Axes           | 2 |  2.4
Armour         | 4 |  4.1
Shields        | |  3.2

Action                     || total
---------------------------++-------
  Melee: War axe           ||    77
         Tailslap          ||     6
    Use: Potion            ||     1
 Armour: Scale mail        ||    18
         Chain mail        ||    63
  Dodge: Dodged            ||    23
  Block: Buckler           ||     9

Table legend: (Time is in decaauts)
 A = Elapsed time spent in this place.
 B = Non-inter-level travel time spent in this place.
 C = Inter-level travel time spent in this place.
 D = Time resting spent in this place.
 E = Time spent auto-exploring this place.
 F = Levels seen in this place.
 G = Mean time per level.
                   A        B        C        D        E       F      G
               +--------+--------+--------+--------+--------+-----+--------+
         Total |    888 |    879 |      9 |      0 |    644 |   2 |  444.0 |
       Dungeon |    888 |    879 |      9 |      0 |    644 |   2 |  444.0 |
               +--------+--------+--------+--------+--------+-----+--------+

Top non-repeatable levels by time:
     D:1: 468 daAuts
     D:2: 419 daAuts
